 Dungeon Crawl Stone Soup version 0.20-a0-1034-gb277f92 (webtiles) character file.

196165 Gorice the Warrior (level 19, 0/124 HPs)
             Began as a Kobold Enchanter on Apr 17, 2017.
             Was the Champion of Okawaru.
             Hit by a stone thrown by a vault guard (2 damage)
             ... led by a vault warden
             ... on level 14 of the Dungeon on Apr 21, 2017.
             The game lasted 05:42:34 (48794 turns).

Gorice the Warrior (Kobold Enchanter)              Turns: 48794, Time: 05:42:35

Health: 0/124      AC: 33    Str: 17    XL:     19   Next: 6%
Magic:  3/32       EV: 21    Int: 14    God:    Okawaru [******]
Gold:   942        SH:  0    Dex: 17    Spells: 17/36 levels left

rFire    . . .     SeeInvis +   b - +9 rapier "Rogev" {holy, rC+ MR+ Int-4}
rCold    + + .     Gourm    .   (shield restricted)
rNeg     + . .     Faith    .   L - +5 pearl dragon scales of True Grit {rC+ rN+ Str+3 Dex+2}
rPois    .         Spirit   .   H - +1 hat {SInv}
rElec    .         Reflect  .   x - +1 cloak
rCorr    .         Harm     .   F - +0 pair of gloves
MR       +++..                  K - +2 pair of boots {Stlth+}
Stlth    +++.......             D - amulet of regeneration
Regen    0.7/turn               h - ring of Noon {+Blink MR+ Str+2}
MPRegen  0.3/turn               g - +4 ring of protection

@: very slightly contaminated
A: carnivore 3
}: 1/15 runes: serpentine
a: Heroism, Finesse, Renounce Religion, Evoke Blink


You were on level 14 of the Dungeon.
You worshipped Okawaru.
Okawaru was exalted by your worship.
You were completely stuffed.

You visited 6 branches of the dungeon, and saw 29 of its levels.
You visited 1 bazaar.
You also visited: Labyrinth and Ossuary.

You collected 4052 gold pieces.
You spent 3110 gold pieces at shops.

Inventory:

Hand Weapons
 a - a +2 dagger of draining
   (You found it in a labyrinth)
 b - the +9 rapier "Rogev" (weapon) {holy, rC+ MR+ Int-4}
   (Okawaru gifted it to you on level 13 of the Dungeon)

   It has been blessed by the Shining One to cause great damage to the undead
   and demons.
   It affects your intelligence (-4).
   It protects you from cold.
   It affects your resistance to hostile enchantments.
 e - the +5 long sword "Sestia" {freeze, rPois rF- rN+++ Str-2 Int+4}
   (Okawaru gifted it to you on level 1 of the Vaults)

   It has been specially enchanted to freeze those struck by it, causing extra
   injury to most foes and up to half again as much damage against particularly
   susceptible opponents.
   It can also slow down cold-blooded creatures.
   It affects your strength (-2).
   It affects your intelligence (+4).
   It makes you vulnerable to fire.
   It protects you from poison.
   It renders you almost immune to negative energy.
 f - a +0 scimitar of flaming
   (You found it on level 10 of the Dungeon)
 B - a +0 blowgun
Missiles
 C - 26 tomahawks (quivered)
 W - 6 curare-tipped needles
 Y - 2 throwing nets
Armour
 x - a +1 cloak (worn)
 F - a +0 pair of gloves (worn)
 H - a +1 hat of see invisible (worn)
   (Okawaru gifted it to you on level 1 of the Snake Pit)
 K - a +2 pair of boots of stealth (worn)
   (Okawaru gifted it to you on level 5 of the Lair of Beasts)
 L - the +5 pearl dragon scales of True Grit (worn) {rC+ rN+ Str+3 Dex+2}
   (You bought it in a shop on level 2 of the Orcish Mines)

   It affects your strength (+3).
   It affects your dexterity (+2).
   It protects you from cold.
   It protects you from negative energy.
Jewellery
 g - a +4 ring of protection (right hand)
 h - the ring of Noon (left hand) {+Blink MR+ Str+2}
   (You bought it in a shop in a bazaar)

   [ring of strength]

   It affects your strength (+2).
   It affects your resistance to hostile enchantments.
   It lets you blink.
 p - an uncursed ring of poison resistance
 A - an uncursed ring of protection from fire
 D - an amulet of regeneration (around neck)
 O - a +5 ring of evasion
Wands
 i - a wand of acid (7/15)
 u - a wand of confusion (31/48)
 I - a wand of enslavement (7/24)
 U - a wand of digging (17/24)
Scrolls
 j - 17 scrolls of remove curse
 k - a scroll of fear {!r}
 y - 7 scrolls of teleportation {!r}
 M - 3 scrolls of magic mapping {!r}
 Q - 5 scrolls of identify
 S - 4 scrolls of blinking
Potions
 c - 2 potions of cancellation {!q}
 l - 6 potions of haste {!q}
 n - 3 potions of magic {!q}
 o - 5 potions of curing
 r - 2 potions of agility {!q}
 s - a potion of invisibility {!q}
 G - a potion of resistance {!q}
 P - a potion of brilliance {!q}
 R - 2 potions of berserk rage
 X - 6 potions of might {!q}
Miscellaneous
 E - a box of beasts
Comestibles
 d - 18 meat rations {!e}
 m - 4 chunks of flesh


   Skills:
 - Level 15.0 Fighting
 - Level 8.0(11.5) Short Blades
 + Level 8.8(9.4) Long Blades
 - Level 12.0 Armour
 + Level 13.4 Dodging
 - Level 8.0 Stealth
 - Level 9.0 Spellcasting
 - Level 5.0 Conjurations
 - Level 13.0 Hexes
 - Level 5.1 Ice Magic
 - Level 8.0 Invocations
 - Level 10.5 Evocations


You had 17 spell levels left.
You knew the following spells:

 Your Spells              Type           Power        Failure   Level  Hunger
a - Corona                Hex            #####..      1%          1    None
b - Ensorcelled Hibernat  Hex/Ice        ####..       1%          2    None
c - Confuse               Hex            #####...     1%          3    ##.....
d - Tukima's Dance        Hex            #####...     1%          3    ##.....
e - Dazzling Spray        Conj/Hex       ####..       2%          3    ##.....
f - Cause Fear            Hex            #####.....   1%          4    ####...
p - Portal Projectile     Hex/Tloc       ###...       8%          3    ##.....


Dungeon Overview and Level Annotations

Branches:
Dungeon (15/15)            Temple (1/1) D:5            Lair (6/6) D:11
 Shoals (0/4) Lair:2        Snake (4/4) Lair:4        Slime (0/5) Lair:6
    Orc (2/2) D:10            Elf (0/3) Orc:2        Vaults (1/5) D:14
 Depths (0/5) D:15

Altars:
Ashenzari
Cheibriados
Dithmenos
Elyvilon
Fedhas
Gozag
Hepliaklqana
Kikubaaqudgha
Makhleb
Nemelex Xobeh
Okawaru
Qazlal
Ru
Sif Muna
Trog
Uskayaw
Vehumet
Wu Jian
Xom
Yredelemnul
Zin
The Shining One
Beogh

Shops:
D:4 ?**   D:7 *   D:10 %   Orc:2 :([%   Snake:1 *[}*

Annotations:
Snake:3 Vashnia


Innate Abilities, Weirdness & Mutations

You are small and have problems with some larger weapons.
You are carnivorous and can eat meat at any time.


Message History

You puncture the vault warden!
The vault warden is severely wounded.
The vault warden misses you. The yaktaur closely misses you.
The yaktaur misses you.
The yaktaur hits you but does no damage.
You closely miss the vault warden.
The vault warden is severely wounded.
The yaktaur captain hits you with an arbalest!
* * * LOW HITPOINT WARNING * * *
The vault guard misses you. The yaktaur hits you.
* * * LOW HITPOINT WARNING * * *
The vault warden misses you.
Your great mace of protection hits the vault warden!!
The vault warden dies!
Okawaru accepts your kill.
The runic seal fades away.
The yaktaur hits you.
* * * LOW HITPOINT WARNING * * *
Damage: 22 (max 41) Unknown command.
Unknown command.
Unknown command.
Unknown command.
Unknown command.
Okay, then.
Unknown command.
Unknown command.
Unknown command.
Unknown command.
Unknown command.
Unknown command.
Unknown command.
Unknown command.
Unknown command.
Unknown command.
Unknown command.
The yaktaur completely misses you.
The vault sentinel blows a loud note on a signal horn!
The vault guard barely misses you. The yaktaur hits you!
* * * LOW HITPOINT WARNING * * *
The yaktaur completely misses you.
You go up through the gate.
Welcome back to the Dungeon!
There is a gate to the Vaults, spattered with blood here.
You see here a giant club.
Damage: 5 (max 41) Blink to where?
Press: ? - help, Dir - move target cursor You are very lightly contaminated with residual magic.
As you read the scroll of blinking, it crumbles to dust.
The vault guard throws a stone.
The stone hits you.
You die...

##[ #. #################
#. #..........(...(# ###
#. #)#############(###.##
#.
#.#.....#.....#[##...###.
#.#.....'.....#.###...#..
#.#.(⌠..'(.⌠..#.# #......
#.#.....@).(((#.# ##.....
#.#.....#.....#.# ##.#..
#.##)''###'''##.# ##...
######.#.....#..c).#.#
#...(
##.#.#..'.....#..pc.#(#
##...
#.......'..⌠..#(cc[.#.#
###.
##.#.#([(.....#[[c.(#.#
#..
##...#..#...([#.....#.#
##.
#.......#############.#
#.


You could see a vault guard and 3 yaktaurs.

Vanquished Creatures
  Kirke (D:15)
  9 nagarajas
  2 vault wardens (Vaults:1)
  Louise (Snake:2)
  An orc warlord (Orc:2)
  A stone giant (Orc:1)
  Azrael (Snake:2)
  Nessos (Lair:5)
  Snorg (Lair:4)
  A minotaur (Lab)
  The ghost of kraktruk the Fighter, a journeyman DrMo of Cheibriados (D:10)
  2 yaktaur captains
  2 fire dragons
  7 hydras
  Fannar (Orc:1)
  2 ice dragons
  5 vault guards
  12 anacondas
  19 naga warriors
  A centaur warrior (D:14)
  A two-headed ogre (D:13)
  An orc high priest (Orc:1)
  19 naga sharpshooters
  Sonja (D:15)
  9 shock serpents
  A salamander mystic (Snake:2)
  An unseen horror (D:11)
  A swamp dragon (Lair:6)
  Pikel (D:4)
  2 wizards (D:14)
  A lindwurm (Lair:6)
  3 necromancers
  7 naga ritualists
  5 orc knights
  12 mana vipers
  5 ugly things
  3 oklob plants
  6 orc sorcerers
  2 cyclopes (D:11)
  5 salamanders
  2 manticores
  Maurice (D:10)
  5 guardian serpents (Snake:4)
  19 elephants
  35 black mambas
  21 naga magi
  8 spiny frogs
  5 torpor snails (Lair:6)
  2 kobold demonologists (D:13)
  A spiny frog (shapeshifter) (D:15)
  3 rime drakes
  5 komodo dragons
  7 yaktaurs (Vaults:1)
  A tengu conjurer (D:15)
  A troll (D:11)
  A polar bear (Lair:6)
  A harpy skeleton (D:15)
  9 hornets
  12 blink frogs
  4 tyrant leeches (Lair:6)
  14 slime creatures
  13 hippogriffs
  A meliai zombie (D:14)
  4 flying skulls (D:12)
  3 shadows
  26 yaks
  2 vampires
  4 basilisks
  4 wraiths
  4 fire elementals (Snake:2)
  2 wyverns
  3 hungry ghosts
  21 humans (D:14)
  11 wargs
  Menkaure (D:6)
  A steam dragon (Lair:6)
  Edmund (D:5)
  4 acid dragons
  34 nagas
  3 soldier ants
  9 water moccasins
  2 hell hounds (Snake:2)
  2 swamp drakes (Lair:6)
  6 porcupines
  A black bear (D:11)
  2 hornet zombies
  3 ice beasts
  31 orc warriors
  3 sky beasts
  4 phantoms
  A necrophage (D:5)
  10 ogres
  3 wolves (Lair:3)
  4 boggarts
  16 centaurs
  14 crocodiles
  3 big kobolds
  13 bullfrogs
  2 wyvern skeletons
  3 water moccasin zombies (Ossuary)
  5 scorpions
  12 killer bees
  5 wights
  An electric eel (Lair:3)
  4 howler monkeys
  14 crimson imps
  8 centaur zombies
  4 lava snakes (Snake:2)
  5 bullfrog zombies
  15 jellies
  7 hounds
  37 orc wizards
  29 orc priests
  7 bullfrog skeletons (D:12)
  7 centaur skeletons
  A gnoll shaman (Orc:1)
  5 iguanas
  15 worker ants
  2 hound skeletons
  2 mummies (Ossuary)
  2 howler monkey zombies
  7 gnolls
  2 howler monkey skeletons (D:8)
  14 adders
  3 shadow imps
  An ooze (Lair:6)
  2 adder skeletons
  9 adder zombies (Ossuary)
  5 worms
  4 dart slugs
  2 leopard geckos
  141 orcs
  9 bats
  4 giant cockroaches
  13 goblins
  2 hobgoblins
  12 jackals
  7 quokkas
  3 ball pythons
  9 frilled lizards
  A giant cockroach zombie (D:6)
  A gnoll zombie (Ossuary)
  2 hobgoblin zombies (Ossuary)
  16 kobolds
  10 kobold zombies (Ossuary)
  2 leopard gecko zombies
  4 orc zombies (Ossuary)
  A quokka skeleton (D:8)
  14 rats
  3 plants
1078 creatures vanquished.

Vanquished Creatures (collateral kills)
  A vault warden (Vaults:1)
  7 naga warriors
  7 two-headed ogres
  A naga sharpshooter (Snake:4)
  Urug (D:15)
  2 ironbrand convokers
  5 salamanders
  2 vault sentinels (Vaults:1)
  9 naga magi
  18 nagas
  15 orc warriors
  A black bear (D:10)
  8 ogres
  A wyvern skeleton (D:12)
  7 wights
  An orc wizard (D:10)
  7 orc priests
  A worker ant (D:14)
  A gnoll (Orc:1)
  33 orcs
  A ball python (Snake:2)
  A quokka (D:11)
130 creatures vanquished.

Vanquished Creatures (others)
  A naga mage (Snake:4)
  5 humans (D:15)
  61 dancing weapons
  2 nagas
  A centaur (D:15)
  2 orc wizards
  A leopard gecko (D:5)
  2 orcs (D:5)
  A quokka (D:5)
  A giant cockroach zombie (D:5)
  A jackal skeleton (D:5)
  25 fungi
  15 plants
118 creatures vanquished.

Grand Total: 1326 creatures vanquished

Notes
Turn   | Place    | Note
-------+----------+-------------------------------------------
     0 | D:1      | Gorice the Kobold Enchanter began the quest for the Orb.
     0 | D:1      | Reached XP level 1. HP: 10/10 MP: 3/3
   360 | D:1      | Reached skill level 2 in Short Blades
   360 | D:1      | Reached XP level 2. HP: 15/15 MP: 5/5
   364 | D:1      | Learned a level 2 spell: Ensorcelled Hibernation
   651 | D:1      | Reached XP level 3. HP: 18/19 MP: 3/6
  1485 | D:2      | Found a sacrificial altar of Ru.
  1522 | D:2      | Reached skill level 4 in Hexes
  1570 | D:2      | Reached skill level 3 in Short Blades
  1570 | D:2      | Reached XP level 4. HP: 24/24 MP: 7/7
  1849 | D:2      | Reached skill level 1 in Ice Magic
  1857 | D:2      | Learned a level 3 spell: Confuse
  2179 | D:2      | You fall through a shaft for 2 floors!
  2179 | D:4      | Found Rosivywk's Assorted Antiques.
  2179 | D:4      | Found Mamocum's Assorted Antiques.
  2292 | D:3      | Reached XP level 5. HP: 24/28 MP: 8/8
  2360 | D:2      | Found a hide-covered altar of Uskayaw.
  2866 | D:3      | Reached skill level 2 in Ice Magic
  2949 | D:3      | Found a shattered altar of Ashenzari.
  4033 | D:4      | Found Akluasuwk's Magic Scroll Emporium.
  4048 | D:4      | Bought a scroll of teleportation for 30 gold pieces
  4106 | D:5      | Entered Level 5 of the Dungeon
  4106 | D:5      | Found a sparkling altar of Nemelex Xobeh.
  4180 | D:5      | Found a sand-covered staircase.
  4213 | D:5      | Reached XP level 6. HP: 26/32 MP: 0/9
  4292 | Ossuary  | Entered an ossuary
  4309 | Ossuary  | Reached skill level 5 in Hexes
  4694 | Ossuary  | Reached skill level 4 in Short Blades
  4953 | Ossuary  | Reached skill level 3 in Ice Magic
  4953 | Ossuary  | Reached XP level 7. HP: 36/36 MP: 4/10
  5107 | D:5      | Noticed Pikel
  5328 | D:5      | Reached skill level 5 in Short Blades
  5357 | D:5      | Reached skill level 6 in Hexes
  5412 | D:5      | Found a staircase to the Ecumenical Temple.
  5420 | Temple   | Entered the Ecumenical Temple
  5781 | D:5      | Learned a level 3 spell: Tukima's Dance
  6037 | D:5      | Reached XP level 8. HP: 41/41 MP: 11/11
  6453 | D:5      | Reached skill level 4 in Ice Magic
  6498 | D:4      | HP: 12/41 [Pikel/whip of electrocution (16)]
  6500 | D:4      | Killed Pikel
  6500 | D:4      | Reached skill level 6 in Short Blades
  6500 | D:4      | Reached skill level 7 in Hexes
  6948 | D:5      | Noticed Edmund
  6969 | D:5      | Killed Edmund
  6969 | D:5      | Reached skill level 7 in Short Blades
  6969 | D:5      | Reached skill level 8 in Hexes
  6969 | D:5      | Reached skill level 5 in Ice Magic
  6969 | D:5      | Reached XP level 9. HP: 45/45 MP: 8/12
  7119 | D:5      | Found a blossoming altar of Fedhas.
  7123 | D:5      | Found a stormy altar of Qazlal.
  7288 | D:6      | Found a hazy altar of Hepliaklqana.
  7466 | D:6      | Noticed Menkaure
  7709 | D:6      | Reached skill level 3 in Spellcasting
  8198 | D:6      | Reached skill level 9 in Hexes
  8362 | D:6      | Killed Menkaure
  8362 | D:6      | Reached skill level 8 in Short Blades
  8878 | D:7      | Reached skill level 1 in Fighting
  8989 | D:7      | Learned a level 3 spell: Dazzling Spray
  9036 | D:7      | Found Xexuraat's Assorted Antiques.
  9271 | D:7      | Reached skill level 2 in Fighting
  9276 | D:7      | Reached skill level 4 in Spellcasting
  9604 | D:7      | Reached XP level 10. HP: 54/54 MP: 10/16
  9679 | D:7      | Found a white marble altar of Elyvilon.
  9689 | D:7      | Found an opulent altar of Gozag.
  9725 | D:7      | Found an iron altar of Okawaru.
  9725 | D:7      | Found a bloodstained altar of Trog.
 10147 | D:8      | Reached skill level 3 in Fighting
 10147 | D:8      | Reached skill level 10 in Hexes
 10180 | D:8      | Found a glowing golden altar of the Shining One.
 10348 | D:8      | Reached skill level 5 in Spellcasting
 10453 | D:8      | Reached skill level 4 in Fighting
 10765 | D:8      | Found an ancient bone altar of Kikubaaqudgha.
 10938 | D:7      | Became a worshipper of Warmaster Okawaru
 10967 | D:8      | Learned a level 4 spell: Cause Fear
 11036 | D:9      | Noticed a two-headed ogre
 11049 | D:9      | Killed a two-headed ogre
 11168 | D:9      | Reached skill level 11 in Hexes
 11181 | D:9      | Reached * piety under Okawaru
 11181 | D:9      | Reached skill level 5 in Fighting
 11620 | D:9      | Reached skill level 6 in Spellcasting
 11620 | D:9      | Reached XP level 11. HP: 64/64 MP: 2/20
 11754 | D:9      | Noticed a two-headed ogre
 11760 | D:9      | Killed a two-headed ogre
 12165 | D:10     | Entered Level 10 of the Dungeon
 12185 | D:10     | Reached ** piety under Okawaru
 12200 | D:10     | Found Geguf's Food Shop.
 12259 | D:10     | Noticed a two-headed ogre
 12302 | D:10     | Killed a two-headed ogre
 12302 | D:10     | Reached skill level 6 in Fighting
 12368 | D:10     | Noticed kraktruk's ghost (journeyman DrMo)
 12423 | D:10     | Killed kraktruk's ghost
 12423 | D:10     | Reached skill level 12 in Hexes
 12700 | D:10     | Reached skill level 7 in Spellcasting
 12758 | D:10     | Noticed a two-headed ogre
 12767 | D:10     | Killed a two-headed ogre
 13007 | D:10     | Reached *** piety under Okawaru
 13007 | D:10     | Reached skill level 7 in Fighting
 13012 | D:10     | Noticed Maurice
 13027 | D:10     | Killed Maurice
 13693 | D:10     | Found a staircase to the Orcish Mines.
 13949 | D:10     | Noticed a two-headed ogre
 13956 | D:10     | Killed a two-headed ogre
 13956 | D:10     | Reached **** piety under Okawaru
 13956 | D:10     | Reached skill level 8 in Spellcasting
 13961 | D:10     | Reached XP level 12. HP: 73/73 MP: 8/24
 14071 | D:11     | Found a staircase to the Lair.
 14387 | D:11     | Reached skill level 8 in Fighting
 14418 | D:11     | Found a flickering gateway to a bazaar.
 14433 | Bazaar   | Entered a bazaar
 14451 | Bazaar   | Found Doanu's Gadget Shoppe.
 14451 | Bazaar   | Found Nuxeqoomm's Assorted Antiques.
 14474 | Bazaar   | Found Camoushre's Jewellery Shoppe.
 14474 | Bazaar   | Found Botsecaf's Antique Armour Emporium.
 14497 | Bazaar   | Found Gassyney's Jewellery Shoppe.
 14497 | Bazaar   | Found Sumuogua's Antique Weapon Emporium.
 14606 | Bazaar   | Bought a +4 ring of protection for 216 gold pieces
 14606 | Bazaar   | Bought the ring of Noon {+Blink MR+ Str+2} for 162 gold pieces
 14637 | Bazaar   | Bought a helmet for 85 gold pieces
 15070 | D:11     | Noticed a five-headed hydra
 15104 | D:11     | Killed a five-headed hydra
 15104 | D:11     | Reached ***** piety under Okawaru
 15104 | D:11     | Reached skill level 13 in Hexes
 15219 | D:11     | Reached skill level 1 in Invocations
 15317 | D:11     | Noticed an unseen horror
 15319 | D:11     | Reached skill level 2 in Invocations
 15322 | D:11     | Killed an unseen horror
 15322 | D:11     | Reached skill level 9 in Spellcasting
 15465 | D:11     | Reached skill level 1 in Armour
 15651 | Lair:1   | Entered Level 1 of the Lair of Beasts
 15723 | Lair:1   | Reached skill level 9 in Fighting
 15838 | Lair:1   | Reached skill level 5 in Stealth
 16037 | Lair:1   | Reached skill level 2 in Armour
 16257 | Lair:1   | Reached skill level 6 in Stealth
 16494 | Lair:2   | Noticed a seven-headed hydra
 16515 | Lair:2   | Killed a seven-headed hydra
 16556 | Lair:2   | Found a staircase to the Shoals.
 16662 | Lair:2   | Reached skill level 3 in Armour
 16936 | Lair:2   | Reached skill level 7 in Stealth
 16936 | Lair:2   | Reached XP level 13. HP: 82/82 MP: 21/26
 17241 | Lair:2   | Reached skill level 10 in Fighting
 17364 | Lair:3   | Noticed a six-headed hydra
 17397 | Lair:3   | Killed a six-headed hydra
 17455 | Lair:3   | Reached skill level 8 in Stealth
 17510 | Lair:3   | Reached skill level 4 in Armour
 17830 | Lair:3   | Received a gift from Okawaru
 17853 | Lair:3   | Reached skill level 3 in Invocations
 18092 | Lair:3   | Received a gift from Okawaru
 18779 | Lair:4   | Reached skill level 4 in Invocations
 18786 | Lair:4   | Reached skill level 11 in Fighting
 18868 | Lair:4   | Found a staircase to the Snake Pit.
 18904 | Lair:4   | Noticed Snorg
 18928 | Lair:4   | Killed Snorg
 18928 | Lair:4   | Reached skill level 5 in Armour
 19434 | Lair:4   | Reached ****** piety under Okawaru
 19451 | Lair:4   | Received a gift from Okawaru
 19607 | Lair:4   | Reached skill level 5 in Invocations
 20369 | Lair:5   | Noticed a four-headed hydra
 20376 | Lair:5   | Killed a four-headed hydra
 20773 | Lair:5   | Noticed a six-headed hydra
 20780 | Lair:5   | Killed a six-headed hydra
 20780 | Lair:5   | Received a gift from Okawaru
 20780 | Lair:5   | Reached skill level 6 in Armour
 20780 | Lair:5   | Reached skill level 6 in Invocations
 20839 | Lair:5   | Reached XP level 14. HP: 91/91 MP: 17/27
 20895 | Lair:5   | Noticed Nessos
 20906 | Lair:5   | Killed Nessos
 20906 | Lair:5   | Reached skill level 3 in Dodging
 21290 | Lair:6   | Entered Level 6 of the Lair of Beasts
 21325 | Lair:6   | Found a staircase to the Slime Pits.
 21479 | Lair:6   | Reached skill level 12 in Fighting
 21515 | Lair:6   | Reached skill level 4 in Dodging
 21828 | Lair:6   | Reached skill level 7 in Invocations
 21829 | Lair:6   | Upgraded the game from 0.20-a0-1018-ge435b50 to 0.20-a0-1020-g7b9e4fe
 21945 | Lair:6   | Found a runed door.
 22113 | Lair:6   | Reached skill level 5 in Dodging
 22459 | Lair:6   | Got a scorched trident
 22745 | Lair:6   | Reached skill level 6 in Dodging
 22760 | Lair:6   | Reached skill level 8 in Invocations
 23063 | Lair:6   | Reached skill level 1 in Conjurations
 23435 | Lair:6   | Received a gift from Okawaru
 23435 | Lair:6   | Reached skill level 2 in Conjurations
 23496 | Lair:6   | Identified the +6 trident of Regicide {pierce, Dex+2} (You found it on level 6 of the Lair of Beasts)
 23605 | Lair:6   | Reached skill level 7 in Dodging
 23733 | Lair:6   | Reached skill level 13 in Fighting
 24039 | Orc:1    | Entered Level 1 of the Orcish Mines
 24288 | Orc:1    | Reached skill level 3 in Conjurations
 24372 | Orc:1    | Noticed Fannar
 24372 | Orc:1    | Noticed a stone giant
 24383 | Orc:1    | Killed Fannar
 24411 | Orc:1    | Killed a stone giant
 24527 | Orc:2    | Entered Level 2 of the Orcish Mines
 24714 | Orc:1    | Reached XP level 15. HP: 93/99 MP: 22/28
 24833 | Orc:1    | Reached skill level 8 in Dodging
 25068 | Orc:1    | Paralysed by an orc sorcerer for 2 turns
 25071 | Orc:1    | Reached skill level 4 in Conjurations
 25212 | Orc:2    | Found a roughly hewn altar of Beogh.
 25235 | Orc:2    | Found a roughly hewn altar of Beogh.
 25402 | Orc:2    | Found a roughly hewn altar of Beogh.
 25879 | Orc:2    | Found a roughly hewn altar of Beogh.
 25881 | Orc:2    | Found Ruor Bemp's Food Shoppe.
 26440 | Orc:2    | Received a gift from Okawaru
 26596 | Orc:2    | Found a staircase to the Elven Halls.
 26604 | Orc:2    | Found a roughly hewn altar of Beogh.
 26700 | Orc:2    | Found a roughly hewn altar of Beogh.
 26712 | Orc:2    | Found Dolu Fooriu's Book Shoppe.
 26941 | Orc:2    | Reached skill level 9 in Dodging
 27002 | Orc:2    | Noticed an orc warlord
 27026 | Orc:2    | Reached skill level 5 in Conjurations
 27225 | Orc:2    | Killed an orc warlord
 27225 | Orc:2    | Reached skill level 1 in Evocations
 27226 | Orc:2    | Found Taezuq's Antique Armour Boutique.
 27228 | Orc:2    | Found a roughly hewn altar of Beogh.
 27230 | Orc:2    | Found Diwieny's Antique Weapon Shop.
 27403 | Orc:2    | Bought encrusted pearl dragon scales for 2587 gold pieces
 27403 | Orc:2    | Identified the +5 pearl dragon scales of True Grit {rC+ rN+ Str+3 Dex+2} (You bought it in a shop on level 2 of the Orcish Mines)
 27404 | Orc:2    | --Nice enough!
 27644 | D:12     | Found a labyrinth entrance.
 27682 | Lab      | Entered a labyrinth
 27839 | Lab      | Identified the Reference Book on Earth
 27842 | Lab      | Identified the Handbook of Curses
 27873 | Lab      | Learned a level 3 spell: Portal Projectile
 27984 | D:12     | Got a bloodstained leather armour
 28037 | D:12     | Reached skill level 2 in Evocations
 28346 | D:12     | Reached skill level 14 in Fighting
 28551 | D:12     | Reached skill level 3 in Evocations
 28989 | D:12     | Reached skill level 10 in Dodging
 29026 | D:12     | Reached skill level 4 in Evocations
 30389 | D:13     | Reached skill level 5 in Evocations
 30459 | D:13     | Received a gift from Okawaru
 30460 | D:13     | Got a pitted rapier {god gift}
 30587 | D:13     | Identified the +9 rapier "Rogev" {holy, rC+ MR+ Int-4} (Okawaru gifted it to you on level 13 of the Dungeon)
 31422 | D:14     | Reached XP level 16. HP: 107/107 MP: 10/29
 31530 | D:14     | Reached skill level 6 in Evocations
 31724 | D:14     | Reached skill level 7 in Armour
 31895 | D:14     | Found a gate to the Vaults.
 32103 | D:15     | Entered Level 15 of the Dungeon
 32149 | D:15     | Found a staircase to the Depths.
 32152 | D:15     | Reached skill level 15 in Fighting
 32159 | D:15     | Received a gift from Okawaru
 32159 | D:15     | Reached skill level 7 in Evocations
 32242 | D:15     | Noticed Kirke
 32275 | D:15     | Killed Kirke
 32567 | D:15     | Noticed Urug
 32577 | D:15     | Killed Urug
 32737 | D:15     | Noticed Sonja
 32748 | D:15     | Killed Sonja
 33350 | D:14     | Reached skill level 8 in Evocations
 33507 | Lair:1   | Upgraded the game from 0.20-a0-1020-g7b9e4fe to 0.20-a0-1025-g4706f7e
 33593 | Snake:1  | Entered Level 1 of the Snake Pit
 33693 | Snake:1  | Reached skill level 8 in Armour
 34128 | Snake:1  | Reached skill level 9 in Evocations
 34610 | Snake:1  | Found Ruemasat's Gadget Shop.
 34610 | Snake:1  | Found Deppi's Armour Boutique.
 34612 | Snake:1  | Found Puhusass's Assorted Antiques.
 34613 | Snake:1  | Found Joufiseb's General Store.
 34633 | Snake:1  | Bought a scroll of identify for 30 gold pieces
 35045 | Snake:1  | Received a gift from Okawaru
 35251 | Snake:1  | Identified a scroll of acquirement
 35325 | Snake:2  | Reached skill level 9 in Armour
 35328 | Snake:2  | HP: 24/108 [salamander/spear (14)]
 35335 | Snake:2  | HP: 17/108 [naga warrior/hand axe (4)]
 35599 | Snake:2  | Reached skill level 10 in Evocations
 35634 | Snake:2  | Noticed Louise
 35663 | Snake:2  | Killed Louise
 35664 | Snake:2  | Noticed a nagaraja
 35692 | Snake:2  | HP: 19/108 [nagaraja/orb of energy (24)]
 35697 | Snake:2  | Killed a nagaraja
 35702 | Snake:2  | HP: 32/108 [poisoned by a nagaraja (bolt of poison)]
 35707 | Snake:2  | HP: 29/108 [poisoned by a nagaraja (bolt of poison)]
 35713 | Snake:2  | HP: 29/108 [poisoned by a nagaraja (bolt of poison)]
 35719 | Snake:2  | HP: 31/108 [poisoned by a nagaraja (bolt of poison)]
 35829 | Snake:2  | HP: 32/108 [black mamba (7)]
 35832 | Snake:2  | HP: 5/108 [salamander/spear (13)]
 35838 | Snake:2  | HP: 15/108 [naga warrior (10)]
 36054 | Snake:2  | Reached XP level 17. HP: 46/113 MP: 10/30
 36457 | Snake:2  | Reached skill level 10 in Armour
 37557 | Snake:1  | Received a gift from Okawaru
 38379 | Snake:3  | bananaglory: Is it pearl dragon armor?
 38380 | Snake:3  | Noticed Vashnia
 38384 | Snake:2  | Gorice: yes
 38384 | Snake:2  | bananaglory: Wow
 38384 | Snake:2  | bananaglory: Nice
 38385 | Snake:2  | Gorice: not bad
 38500 | Snake:2  | Gorice: lucky to get fairly early
 38509 | Snake:2  | Reached skill level 1 in Long Blades
 38642 | Snake:2  | Reached skill level 11 in Armour
 38687 | Snake:3  | Noticed Azrael
 38699 | Snake:2  | HP: 33/113 [poisoned by a naga warrior (splash of poison)]
 38704 | Snake:2  | HP: 27/113 [poisoned by a naga warrior (splash of poison)]
 38710 | Snake:2  | HP: 24/113 [fire elemental[Azrael] (4)]
 38718 | Snake:2  | HP: 24/113 [poisoned by a naga warrior (splash of poison)]
 38724 | Snake:2  | HP: 26/113 [poisoned by a naga warrior (splash of poison)]
 38732 | Snake:2  | HP: 30/113 [poisoned by a naga warrior (splash of poison)]
 38974 | Snake:2  | Killed Azrael
 39089 | Snake:2  | Reached skill level 2 in Long Blades
 39568 | Snake:3  | Reached skill level 3 in Long Blades
 40106 | Snake:3  | Upgraded the game from 0.20-a0-1025-g4706f7e to 0.20-a0-1026-gc3ddcbd
 40152 | Snake:3  | Found a stormy altar of Qazlal.
 40583 | Snake:3  | Reached skill level 4 in Long Blades
 41348 | Snake:4  | Entered Level 4 of the Snake Pit
 41709 | Snake:4  | Received a gift from Okawaru
 41710 | Snake:4  | Got a brightly glowing chain mail {god gift}
 41713 | Snake:4  | Identified the +4 chain mail of Impressiveness {MR+} (Okawaru gifted it to you on level 4 of the Snake Pit)
 41830 | Snake:4  | Reached skill level 5 in Long Blades
 42269 | Snake:4  | HP: 33/113 [nagaraja/poison arrow (3)]
 42274 | Snake:4  | HP: 31/113 [poisoned by a nagaraja (poison arrow)]
 42280 | Snake:4  | HP: 27/113 [poisoned by a nagaraja (poison arrow)]
 42285 | Snake:4  | HP: 18/113 [poisoned by a nagaraja (poison arrow)]
 42290 | Snake:4  | HP: 12/113 [poisoned by a nagaraja (poison arrow)]
 42293 | Snake:4  | HP: 5/113 [nagaraja/bolt of poison (10)]
 42301 | Snake:4  | HP: 31/113 [nagaraja/spear (1)]
 42306 | Snake:4  | HP: 32/113 [poisoned by a nagaraja (splash of poison)]
 42311 | Snake:4  | HP: 32/113 [poisoned by a nagaraja (splash of poison)]
 42313 | Snake:3  | HP: 3/113 [Vashnia/arrow (18)]
 42319 | Snake:3  | HP: 5/113 [poisoned by a nagaraja (splash of poison)]
 42327 | Snake:3  | HP: 8/113 [poisoned by a nagaraja (splash of poison)]
 42345 | Snake:2  | Reached XP level 18. HP: 20/119 MP: 28/31
 42486 | Snake:2  | Reached skill level 12 in Armour
 43290 | Snake:4  | Reached skill level 6 in Long Blades
 44101 | Snake:4  | Reached skill level 11 in Dodging
 45017 | Snake:4  | Received a gift from Okawaru
 45229 | Snake:4  | Reached skill level 7 in Long Blades
 45881 | Snake:4  | Received a gift from Okawaru
 45881 | Snake:4  | Reached skill level 12 in Dodging
 46749 | Snake:4  | Got a serpentine rune of Zot
 46888 | Snake:4  | HP: 19/119 [naga sharpshooter/arrow (21)]
 46895 | Snake:4  | HP: 19/119 [naga sharpshooter/arrow (4)]
 47249 | Snake:1  | Reached skill level 8 in Long Blades
 47529 | Lair:1   | Upgraded the game from 0.20-a0-1026-gc3ddcbd to 0.20-a0-1034-gb277f92
 47663 | Vaults:1 | Entered Level 1 of the Vaults
 48051 | Vaults:1 | Received a gift from Okawaru
 48051 | Vaults:1 | Reached skill level 13 in Dodging
 48088 | Vaults:1 | Got a crystal long sword {god gift}
 48096 | Vaults:1 | Identified the +5 long sword "Sestia" {freeze, rPois rF- rN+++ Str-2 Int+4} (Okawaru gifted it to you on level 1 of the Vaults)
 48473 | D:14     | Reached XP level 19. HP: 78/124 MP: 25/32
 48772 | Vaults:1 | HP: 36/124 [vault warden/great mace of protection (26)]
 48777 | Vaults:1 | HP: 26/124 [yaktaur[a vault warden] (12)]
 48784 | Vaults:1 | HP: 27/124 [yaktaur captain/arbalest (2)]
 48791 | Vaults:1 | HP: 13/124 [yaktaur captain/arbalest (17)]
 48792 | Vaults:1 | HP: 1/124 [yaktaur[a vault warden] (7)]
 48794 | D:14     | Hit by a stone thrown by a vault guard

Vault maps used:
D:1:      tarquinn_simple_flora_water_d, serial_glass, glass_columns_c,
          glass_columns_a
D:2:      overflow_temple_1_default, lemuel_doored_altar
D:3:      evilmike_ruin_ashenzari, grunt_ministairs_8
D:4:      serial_shops, shop, shop_fountains, nicolae_shop_trees
D:5:      grunt_temple_overflow_forces_of_nature,
          nemelex_xobeh_ov_fountains_minmay,
          minmay_temple_entry_statues_fountains, first_bread,
          nicolae_ossuary_entry_ruins, uniq_edmund, uniq_pikel
D:6:      old_standard_altar, uniq_menkaure
D:7:      amethyst_overflow_temple_binary, grunt_temple_overflow_bloody_war,
          serial_shops, nicolae_shop_overgrown_old_shop,
          kennysheep_generic_room_2
D:8:      old_standard_altar, tso_metal_star
D:10:     david_orc_4, serial_shops, shop, uniq_maurice
D:11:     erik_lair_orcish_takeover, serial_shops, bzr_entry_road
D:12:     hangedman_screamer, lab_entry_generic
D:14:     grunt_vaults_entry_tiered, infiniplex_staircase_door_maze
D:15:     grunt_enter_depths_hoard, kennysheep_crisscross, uniq_kirke,
          uniq_sonja, uniq_urug
Temple:   compressed_dpeg_triangle_lava_temple
Lair:2:   minmay_shoals_entry_beasts, minmay_lair_oklob_chamber
Lair:3:   infiniplex_staircase_pool
Lair:4:   guppyfry_snake_entry_garden, uniq_snorg
Lair:5:   uniq_nessos
Lair:6:   guppyfry_lair_end_dragon, wormcave, minmay_slime_entry_jelly_boxes,
          lemuel_fruit_fields
Snake:1:  cheibrodos_forgotten_conduit, abandoned_shop, lemuel_fruit_tree,
          minmay_shoptagon
Snake:2:  special_room, nicolae_snake_lava_pool, uniq_louise
Snake:3:  lemuel_oklob_altar, uniq_azrael, uniq_vashnia
Snake:4:  snake_pit, nicolae_coiled_stairwell_up
Orc:1:    uniq_fannar
Orc:2:    grunt_orc_community_town_hall, grunt_orc_community_big_house_2,
          grunt_orc_community_big_house_1, grunt_orc_community_house_3,
          grunt_orc_community_house_3, grunt_orc_community_house_3,
          grunt_orc_community_house_2, grunt_orc_community_house_2
Vaults:1: vaults_mumra_chevron, nicolae_vaults_shelves_hall, v_misc_25,
          vaults_room_pool, vaults_dpeg_cross, grunt_vaults_focal, v_misc_12,
          v_misc_13, vaults_room_pools
Lab:      nicolae_lab_dead_adventurers, nicolae_lab_stuck
Bazaar:   bazaar_short_row
Ossuary:  ossuary_tomb_2

Skill      XL: |  1  2  3  4  5  6  7  8  9 10 11 12 13 14 15 16 17 18 |
---------------+-------------------------------------------------------+-----
Short Blades   | 2 3 4 5 7 8 |  8.0
Hexes          | 4 5 6 8 9 11 12 13 | 13.0
Ice Magic      | 1 2 3 5 |  5.1
Spellcasting   | 4 6 8 9 |  9.0
Fighting       | 2 5 7 9 11 13 14 15 | 15.0
Invocations    | 2 6 8 |  8.0
Armour         | 3 6 9 11 12 | 12.0
Stealth        | 7 8 |  8.0
Dodging        | 7 10 13 | 13.4
Conjurations   | 3 5 |  5.0
Evocations     | 5 10 | 10.5
Long Blades    | 5 8 |  8.8

Action                   |  1- 3 |  4- 6 |  7- 9 | 10-12 | 13-15 | 16-18 | 19-21 || total
-------------------------+-------+-------+-------+-------+-------+-------+-------++-------
Melee: Dagger            |    92 |   318 |   340 |   566 |   275 |  1096 |    20 ||  2707
       Punch             |       |       |       |     1 |     2 |    17 |       ||    20
       Rapier            |       |       |       |       |  1141 |  1117 |    46 ||  2304
 Cast: Corona            |    13 |     4 |    13 |     9 |    17 |    15 |       ||    71
       Ensorcelled Hiber |    18 |    48 |    56 |   135 |   254 |   182 |     4 ||   697
       Confuse           |       |     7 |    38 |    67 |   163 |   253 |    15 ||   543
       Tukima's Dance    |       |       |     7 |    52 |    96 |   235 |     8 ||   398
       Cause Fear        |       |       |       |     1 |       |    10 |       ||    11
       Dazzling Spray    |       |       |       |       |    18 |     6 |       ||    24
Invok: Heroism           |       |       |       |     1 |    11 |    19 |       ||    31
       Finesse           |       |       |       |       |       |     1 |       ||     1
 Abil: Evoke Blink       |       |       |       |       |     1 |       |       ||     1
Evoke: Wand              |       |       |       |     1 |     2 |       |       ||     3
  Use: Scroll            |     4 |     9 |     9 |    11 |     7 |    10 |     1 ||    51
       Potion            |       |       |     1 |       |     2 |     6 |       ||     9
 Stab: Sleeping          |    15 |    48 |    49 |   102 |   171 |    88 |     3 ||   476
       Confused          |       |       |    20 |    54 |    85 |   103 |     1 ||   263
       Distracted        |       |       |     1 |     2 |     4 |     7 |       ||    14
       Invisible         |       |       |       |       |     6 |     5 |       ||    11
  Eat: Chunk             |    12 |    13 |    24 |    28 |    47 |    42 |     1 ||   167
       Meat ration       |       |       |       |       |       |     2 |       ||     2
       Royal jelly       |       |       |       |       |       |     1 |       ||     1
Armor: Robe              |    26 |    63 |    54 |    17 |       |       |       ||   160
       Ring mail         |       |       |       |   115 |   307 |       |       ||   422
       Pearl dragon scal |       |       |       |       |   147 |   742 |    50 ||   939
Dodge: Dodged            |    78 |   199 |   164 |   223 |  1230 |  1699 |    79 ||  3672

Table legend:
 A = Turns spent in this place as a percentage of turns spent in the entire game.
 B = Non-inter-level travel turns spent in this place as a percentage of non-inter-level travel turns spent in the entire game.
 C = Inter-level travel turns spent in this place as a percentage of turns spent in this place.
 D = Turns resting spent in this place as a percentage of non-inter-level travel turns spent in this place.
 E = Turns spent auto-exploring this place as a percentage of non-inter-level travel turns spent in this place.
 F = Non-inter-level travel turns spent in this place divided by the number of levels of this place that you've seen.
                   A       B       C       D       E      F
               +-------+-------+-------+-------+-------+----------------------
         Total | 100.0 | 100.0 |   0.5 |   4.4 |   2.8 | 687.4
       Dungeon |  39.3 |  39.3 |   0.4 |   3.7 |   3.9 | 576.0
        Temple |   0.0 |   0.0 |   9.1 |   0.0 |  70.0 |  10.0
          Lair |  14.4 |  14.3 |   0.9 |   3.7 |   3.8 | 525.0
     Snake Pit |  29.9 |  29.9 |   0.5 |   6.9 |   1.9 | 1643.5
  Orcish Mines |   9.9 |   9.9 |   0.3 |   2.2 |   1.2 | 1085.5
        Vaults |   2.7 |   2.7 |   0.0 |   1.3 |   0.8 | 597.0
     Labyrinth |   1.0 |   1.0 |   0.0 |   1.4 |   0.0 | 211.0
        Bazaar |   1.1 |   1.1 |   0.0 |   0.0 |   0.0 | 241.0
       Ossuary |   1.8 |   1.8 |   0.0 |   6.5 |   0.0 | 403.0
               +-------+-------+-------+-------+-------+----------------------

Vault maps used:
D:1:      tarquinn_simple_flora_water_d, serial_glass, glass_columns_c,
          glass_columns_a
D:2:      overflow_temple_1_default, lemuel_doored_altar
D:3:      evilmike_ruin_ashenzari, grunt_ministairs_8
D:4:      serial_shops, shop, shop_fountains, nicolae_shop_trees
D:5:      grunt_temple_overflow_forces_of_nature,
          nemelex_xobeh_ov_fountains_minmay,
          minmay_temple_entry_statues_fountains, first_bread,
          nicolae_ossuary_entry_ruins, uniq_edmund, uniq_pikel
D:6:      old_standard_altar, uniq_menkaure
D:7:      amethyst_overflow_temple_binary, grunt_temple_overflow_bloody_war,
          serial_shops, nicolae_shop_overgrown_old_shop,
          kennysheep_generic_room_2
D:8:      old_standard_altar, tso_metal_star
D:10:     david_orc_4, serial_shops, shop, uniq_maurice
D:11:     erik_lair_orcish_takeover, serial_shops, bzr_entry_road
D:12:     hangedman_screamer, lab_entry_generic
D:14:     grunt_vaults_entry_tiered, infiniplex_staircase_door_maze
D:15:     grunt_enter_depths_hoard, kennysheep_crisscross, uniq_kirke,
          uniq_sonja, uniq_urug
Temple:   compressed_dpeg_triangle_lava_temple
Lair:2:   minmay_shoals_entry_beasts, minmay_lair_oklob_chamber
Lair:3:   infiniplex_staircase_pool
Lair:4:   guppyfry_snake_entry_garden, uniq_snorg
Lair:5:   uniq_nessos
Lair:6:   guppyfry_lair_end_dragon, wormcave, minmay_slime_entry_jelly_boxes,
          lemuel_fruit_fields
Snake:1:  cheibrodos_forgotten_conduit, abandoned_shop, lemuel_fruit_tree,
          minmay_shoptagon
Snake:2:  special_room, nicolae_snake_lava_pool, uniq_louise
Snake:3:  lemuel_oklob_altar, uniq_azrael, uniq_vashnia
Snake:4:  snake_pit, nicolae_coiled_stairwell_up
Orc:1:    uniq_fannar
Orc:2:    grunt_orc_community_town_hall, grunt_orc_community_big_house_2,
          grunt_orc_community_big_house_1, grunt_orc_community_house_3,
          grunt_orc_community_house_3, grunt_orc_community_house_3,
          grunt_orc_community_house_2, grunt_orc_community_house_2
Vaults:1: vaults_mumra_chevron, nicolae_vaults_shelves_hall, v_misc_25,
          vaults_room_pool, vaults_dpeg_cross, grunt_vaults_focal, v_misc_12,
          v_misc_13, vaults_room_pools
Lab:      nicolae_lab_dead_adventurers, nicolae_lab_stuck
Bazaar:   bazaar_short_row
Ossuary:  ossuary_tomb_2
